 Dungeon Crawl Stone Soup version 0.27.0-1-g7a089689b8 (webtiles) character file.

Game seed: 1200910355448043917

1192 SnakkuSnakku7 the Fighter (level 8, 0/68 HPs)
             Began as a Merfolk Air Elementalist on Aug 14, 2021.
             Was a Follower of Elyvilon.
             Slain by Duvessa (7 damage)
             ... on level 5 of the Dungeon.
             The game lasted 00:08:23 (5369 turns).

SnakkuSnakku7 the Fighter (MfAE)                    Turns: 5369, Time: 00:08:23

Health: 0/68       AC:  9    Str: 11    XL:     8   Next: 43%
Magic:  11/11      EV:  9    Int: 14    God:    Elyvilon [*.....]
Gold:   115        SH:  0    Dex: 14    Spells: 10/11 levels left

rFire    . . .     SeeInvis .   o - +2 flail (vorpal)
rCold    . . .     Faith    .   (no shield)
rNeg     . . .     Spirit   .   h - +0 scale mail
rPois    .         Reflect  .   r - +0 helmet
rElec    .         Harm     .   (no cloak)
rCorr    .         Rampage  .   k - +0 pair of gloves
Will     .....                  d - +0 pair of boots
Stlth    +.........             (no amulet)
HPRegen  0.21/turn              v - ring of wizardry
MPRegen  0.12/turn              (no ring)

@: no status effects
A: (nimble swimmer 2), mertail
a: Renounce Religion, Lesser Healing, Divine Protection


You were on level 5 of the Dungeon.
You worshipped Elyvilon.
Elyvilon was aware of your devotion.
You visited 2 branches of the dungeon, and saw 6 of its levels.

You collected 210 gold pieces.
You spent 95 gold pieces at shops.

Inventory:

Hand Weapons
 b - a +0 dagger
 n - a +0 war axe
 o - a +2 vorpal flail (weapon)
Missiles
 c - 30 poisoned darts (quivered)
Armour
 a - a +0 robe
 d - a +0 pair of boots (worn)
 h - a +0 scale mail (worn)
 k - a +0 pair of gloves (worn)
 r - a +0 helmet (worn)
Jewellery
 v - a ring of wizardry (left hand)
Wands
 t - a wand of charming (1)
Scrolls
 e - a scroll of teleportation
 f - a scroll of noise {unknown}
 g - a scroll of acquirement {unknown}
 j - 3 scrolls of identify {unknown}
 p - a scroll of amnesia {unknown}
 u - 2 scrolls of blinking {unknown}
Potions
 i - a potion of might
 m - a potion of ambrosia {unknown}


   Skills:
 - Level 8.0 Fighting
 - Level 6.0 Throwing
 + Level 3.7 Dodging
 - Level 2.1 Stealth
 - Level 2.0 Spellcasting
 - Level 0.7 Conjurations
 - Level 2.4 Air Magic


You had 10 spell levels left.
You knew the following spells:

 Your Spells              Type           Power      Damage    Failure   Level
a - Shock                 Conj/Air       20%        1d4       32%         1

Your spell library contained the following spells:

 Spells                   Type           Power      Damage    Failure   Level
 Static Discharge         Conj/Air       5%         N/A       43%         2
 Swiftness                Air            8%         N/A       52%         3
 Passwall                 Tmut/Erth      0%         N/A       63%         2
 Call Canine Familiar     Summ           1%         N/A       85%         3
 Portal Projectile        Hex/Tloc       2%         N/A       85%         3
 Airstrike                Air            4%         N/A       89%         4
 Leda's Liquefaction      Hex/Erth       0%         N/A       99%         4
 Olgreb's Toxic Radiance  Pois           1%         N/A       99%         4
 Invisibility             Hex            0%         N/A       100%        6
 Ozocubu's Refrigeration  Ice            0%         4d5       100%        7
 Ignition                 Fire           0%         3d3       100%        8


Dungeon Overview and Level Annotations

Branches:
Dungeon (5/15)             Temple (1/1) D:4

Altars:
Ashenzari
Cheibriados
Dithmenos
Elyvilon
Fedhas
Hepliaklqana
Makhleb
Nemelex Xobeh
Okawaru
Ru
Trog
Uskayaw
Vehumet
Wu Jian
Zin

Shops:
D:3 *

Annotations:
D:5 Duvessa


Innate Abilities, Weirdness & Mutations

((You are quick and stealthy near water. (Stealth+, EV+, Speed+++)))
Your lower body shifts to a powerful aquatic tail in water.


Message History

The mass of ice explodes!
The iceblast engulfs Duvessa!
Duvessa is heavily wounded.
Duvessa screams.
Duvessa hits you with a +0 rapier!
* * * LOW HITPOINT WARNING * * *
Aiming: Iceblast
Press: ? - help, Shift-Dir - straight line The mass of ice explodes!
The iceblast engulfs Duvessa.
Duvessa is heavily wounded.
Duvessa barely misses you.
Unknown command.
Unknown command.
Unknown command.
Aiming: Iceblast
Press: ? - help, Shift-Dir - straight line The mass of ice explodes!
The iceblast engulfs Duvessa!
Duvessa is almost dead.
The now-empty wand crumbles to dust.
Duvessa hits you but does no damage.
Unknown command.
Unknown command.
Unknown command.
Duvessa hits you with a +0 rapier.
* * * LOW HITPOINT WARNING * * *
You barely miss Duvessa.
Duvessa is almost dead.
Duvessa hits you but does no damage.
You hit Duvessa but do no damage.
Duvessa is almost dead.
Duvessa closely misses you. Duvessa hits you with a +0 rapier!
* * * LOW HITPOINT WARNING * * *
You barely miss Duvessa.
Duvessa is almost dead.
Duvessa hits you but does no damage.
You hit Duvessa but do no damage.
Duvessa is almost dead.
Duvessa hits you with a +0 rapier.
* * * LOW HITPOINT WARNING * * *
Okay, then.
Duvessa hits you with a +0 rapier!
You die...

......#......#####....#
>.............####.####
.....##..##.....#.....##
........####............
........##...#..#.......
....)..<...............
.....##.>...........#...
..............###...#
...#.......#.##e@...#
..#####.####.....#.##
...##...#....##..###
#...#.......###.##
###..###.#.## ### #.##
##### ###


You could see Duvessa.

Vanquished Creatures
  A water moccasin (D:5)
  2 ogres
  2 centaurs (D:5)
  A phantom (D:5)
  3 scorpions
  A water moccasin zombie (D:5)
  A bullfrog zombie (D:5)
  An orc priest (D:3)
  A centaur skeleton (D:5)
  3 iguanas
  Terence (D:3)
  2 orc wizards (D:3)
  A killer bee zombie (D:5)
  2 hound skeletons
  2 howler monkey skeletons (D:5)
  2 adders (D:3)
  A shadow imp (D:5)
  An ufetubus (D:5)
  The ghost of mainiacjoe the Sneak, a weakling NaDe (D:4)
  2 dart slugs
  7 orcs
  8 endoplasms
  3 giant cockroaches
  3 goblins
  5 hobgoblins
  3 jackals (D:1)
  4 kobolds
  2 quokkas
  6 ball pythons
  6 bats
  3 frilled lizards
  4 rats
85 creatures vanquished.

Vanquished Creatures (collateral kills)
  Dowan (D:5)
1 creature vanquished.

Vanquished Creatures (others)
  4 fungi (D:1)
  3 plants (D:1)
7 creatures vanquished.

Grand Total: 93 creatures vanquished

Notes
Turn   | Place    | Note
-------+----------+-------------------------------------------
     0 | D:1      | SnakkuSnakku7 the Merfolk Air Elementalist began the quest
                  | for the Orb.
     0 | D:1      | Reached XP level 1. HP: 13/13 MP: 3/3
   150 | D:1      | Reached skill level 1 in Fighting
   183 | D:1      | Reached XP level 2. HP: 20/21 MP: 5/5
   194 | D:1      | Reached skill level 1 in Throwing
   653 | D:1      | Reached XP level 3. HP: 20/27 MP: 0/6
   660 | D:1      | Reached skill level 2 in Fighting
   667 | D:1      | Found a faded altar of an unknown god.
  1638 | D:3      | Found Nyethram's General Store.
  1646 | D:3      | Bought a +0 pair of gloves for 45 gold pieces
  1646 | D:3      | Bought a potion of heal wounds for 50 gold pieces
  1703 | D:3      | Reached XP level 4. HP: 27/34 MP: 7/7
  1999 | D:3      | Reached skill level 3 in Fighting
  2063 | D:3      | Reached XP level 5. HP: 18/41 MP: 8/8
  2497 | D:3      | Found an ornate altar of the Wu Jian Council.
  2531 | D:3      | Noticed Terence
  2546 | D:3      | Killed Terence
  2566 | D:3      | Reached skill level 4 in Fighting
  2614 | D:3      | Found a bloodstained altar of Trog.
  2883 | D:4      | Found a shadowy altar of Dithmenos.
  2891 | D:4      | Found a staircase to the Ecumenical Temple.
  2901 | D:4      | Reached XP level 6. HP: 46/48 MP: 9/9
  2907 | Temple   | Entered the Ecumenical Temple
  2916 | Temple   | Became a worshipper of Elyvilon the Healer
  2993 | D:4      | Found a sacrificial altar of Ru.
  3256 | D:4      | Found a radiant altar of Vehumet.
  3272 | D:4      | Found an iron altar of Okawaru.
  3543 | D:5      | Entered Level 5 of the Dungeon
  3544 | D:5      | Reached * piety under Elyvilon
  3603 | D:5      | Reached skill level 5 in Fighting
  3607 | D:5      | Reached XP level 7. HP: 54/56 MP: 10/10
  3667 | D:5      | Found a runed translucent gate.
  3667 | D:5      | Found a runed translucent gate.
  3672 | D:5      | Found a runed translucent gate.
  3726 | D:5      | Reached skill level 5 in Throwing
  3733 | D:5      | Reached skill level 6 in Fighting
  3965 | D:5      | Noticed Dowan
  3966 | D:5      | Noticed Duvessa
  4186 | D:4      | Reached XP level 8. HP: 62/65 MP: 11/11
  4206 | D:4      | Reached skill level 7 in Fighting
  4356 | D:5      | Found a burning altar of Makhleb.
  4593 | D:4      | Reached skill level 8 in Fighting
  4693 | D:5      | Noticed mainiacjoe's ghost (weakling NaDe)
  4723 | D:4      | Killed mainiacjoe's ghost
  5162 | D:5      | Killed Dowan
  5369 | D:5      | Slain by Duvessa

Illustrated notes

Levels and vault maps discovered:
D:1:      elethiomel_arrival_quiet, layout_rooms,
          dreamdust_ecumenical_altar_grove
D:2:      layout_rooms
D:3:      layout_basic, mainiacjoe_overflow_surrounded_room,
          pdpol_wu_jian_five_deadly_venoms, serial_shops, shop_fountains,
          kennysheep_generic_room_6, uniq_terence
D:4:      layout_loops_ring, nicolae_dithmenos_the_darkroom,
          nicolae_overflow_hidden_temple, minitemple, minmay_temple_entry_grid
D:5:      layout_cave_pools, tso_altar, lemuel_crystal_altar,
          gammafunk_ghost_necromancy, uniq_duvessa
Temple:   eino_temple_lava

Skill      XL: |  1  2  3  4  5  6  7  8 |
---------------+-------------------------+-----
Fighting       | 1 2 3 4 5 6 8 |  8.0
Throwing       | 1 2 3 4 6 |  6.0
Dodging        | 3 |  3.7
Stealth        | |  2.1
Spellcasting   | |  2.0
Conjurations   | |  0.7
Air Magic      | |  2.4

Action                   |  1- 3 |  4- 6 |  7- 9 || total
-------------------------+-------+-------+-------++-------
Melee: Dagger            |   156 |    16 |       ||   172
       War axe           |       |    32 |       ||    32
       Flail             |       |    52 |    92 ||   144
Throw: Dart              |    17 |    39 |    38 ||    94
 Cast: Shock             |     9 |       |       ||     9
Invok: Lesser Healing    |       |       |     1 ||     1
Evoke: Wand              |       |       |     7 ||     7
  Use: Potion            |       |       |     3 ||     3
       Scroll            |       |       |     2 ||     2
 Stab: Sleeping          |     3 |       |       ||     3
Armor: Robe              |    53 |       |       ||    53
       Scale mail        |    19 |    69 |    81 ||   169
Dodge: Dodged            |   111 |    59 |    91 ||   261
